WLB
COLORADO ROCKIES @ SAN FRANCISCO GIANTS
07/18/2023
 
TOP OF THE 1ST
Colorado Rockies batting - Pitching for San Francisco Giants : RHP Luis Garcia
Pitching: RHP Luis Garcia
Batting: SHB Xavier Edwards 0-0: Called Strike
0-1: Swinging Strike
0-2: Ball
1-2: Ground out U3 (Groundball, 3, EV 87.5 MPH)
Batting: LHB Andrew Benintendi 0-0: Ball
1-0: Called Strike
1-1: Ball
2-1: Ball
3-1: Base on Balls
Batting: RHB Yandy Díaz 0-0: Ball
1-0: Swinging Strike
1-1: Ball
2-1: Foul Ball, location: 2F
2-2: Ball
3-2: Base on Balls
Andrew Benintendi to second
Batting: LHB Joc Pederson 0-0: 3-RUN HOME RUN (Flyball, 9LD, EV 89.4 MPH), Distance : 325 ft
Batting: LHB Nick Gordon 0-0: Swinging Strike
0-1: Ball
1-1: Called Strike
1-2: Foul Ball, location: 2F
1-2: Ball
2-2: Foul Ball, location: 2F
2-2: Ground out U3 (Groundball, 3L, EV 88.8 MPH)
Batting: RHB J.D. Martinez 0-0: Ball
1-0: Ball
2-0: Ground out 6-3 (Groundball, P, EV 88.8 MPH)
Top of the 1st over - 3 runs, 1 hit, 0 errors, 0 left on base; Colorado 3 - San Francisco 0
BOTTOM OF THE 1ST
San Francisco Giants batting - Pitching for Colorado Rockies : RHP Alex Cobb
Pitching: RHP Alex Cobb
Batting: RHB Mookie Betts 0-0: Swinging Strike
0-1: Ball
1-1: Called Strike
1-2: Foul Ball, location: 2F
1-2: SOLO HOME RUN (Flyball, 7D, EV 105.0 MPH), Distance : 413 ft
Batting: RHB Starling Marte 0-0: Called Strike
0-1: Ball
1-1: Ball
2-1: Foul Ball, location: 2F
2-2: Strikes out swinging
Batting: RHB Jose Altuve 0-0: Ball
1-0: Ball
2-0: Called Strike
2-1: Ground out 4-3 (Groundball, 4M, EV 102.5 MPH)
Batting: RHB Nolan Arenado 0-0: Ball
1-0: Ball
2-0: Ball
3-0: Called Strike
3-1: Fly out, F7 (Flyball, 7S, EV 83.8 MPH)
Bottom of the 1st over - 1 run, 1 hit, 0 errors, 0 left on base; Colorado 3 - San Francisco 1
TOP OF THE 2ND
Colorado Rockies batting - Pitching for San Francisco Giants : RHP Luis Garcia
Batting: LHB Reese McGuire 0-0: Swinging Strike
0-1: Ball
1-1: Ball
2-1: Ball
3-1: Foul Ball, location: 2F
3-2: Base on Balls
Batting: LHB Luis Guillorme 0-0: Foul Ball, location: 2F
0-1: Ball
1-1: Ball
2-1: Ball
3-1: Base on Balls
Reese McGuire to second
Batting: RHB Myles Straw 0-0: Called Strike
0-1: Ball
1-1: Ball
2-1: Ground out 6-3 (Groundball, 4MD, EV 101.9 MPH)
Reese McGuire to third
Luis Guillorme to second
Batting: SHB Xavier Edwards 0-0: Ball
1-0: Fly out, F9 (Flyball, 9S, EV 80.0 MPH)
Batting: LHB Andrew Benintendi 0-0: Called Strike
0-1: Swinging Strike
0-2: Fly out, F7 (Line Drive, 7S, EV 89.4 MPH)
Top of the 2nd over - 0 runs, 0 hits, 0 errors, 2 left on base; Colorado 3 - San Francisco 1
BOTTOM OF THE 2ND
San Francisco Giants batting - Pitching for Colorado Rockies : RHP Alex Cobb
Batting: LHB Triston Casas 0-0: Ball
1-0: Ball
2-0: Ball
3-0: Called Strike
3-1: Base on Balls
Batting: SHB Francisco Lindor 0-0: Ball
1-0: Ball
2-0: Fielders Choice at 2nd, 4-6 (Groundball, 4, EV 81.2 MPH)
Batting: RHB Andrew Vaughn 0-0: Fly out, F9 (Flyball, 89S, EV 83.8 MPH)
Batting: LHB George Valera 0-0: Fly out, F8 (Line Drive, 8LM, EV 85.0 MPH)
Bottom of the 2nd over - 0 runs, 0 hits, 0 errors, 1 left on base; Colorado 3 - San Francisco 1
TOP OF THE 3RD
Colorado Rockies batting - Pitching for San Francisco Giants : RHP Luis Garcia
Batting: RHB Yandy Díaz 0-0: Foul Ball, location: 2F
0-1: Ball
1-1: Ball
2-1: SOLO HOME RUN (Line Drive, 7LD, EV 99.4 MPH), Distance : 375 ft
Batting: LHB Joc Pederson 0-0: SINGLE (Line Drive, 89S, EV 93.1 MPH)
Batting: LHB Nick Gordon 0-0: Ball
1-0: Ball
2-0: Ball
3-0: Called Strike
3-1: 2-RUN HOME RUN (Flyball, 9D, EV 98.8 MPH), Distance : 393 ft
Pitching: LHP Tanner Scott
Batting: RHB J.D. Martinez 0-0: Ball
1-0: Ground out 6-3 (Groundball, 6, EV 100.0 MPH)
Batting: LHB Reese McGuire 0-0: Ball
1-0: Foul Ball, location: 2F
1-1: Ball
2-1: Foul Ball, location: 2F
2-2: Ground out 5-3 (Groundball, 56, EV 104.4 MPH)
Batting: LHB Luis Guillorme 0-0: Called Strike
0-1: Swinging Strike
0-2: Ball
1-2: Fly out, F7 (Flyball, 7D, EV 91.2 MPH)
Top of the 3rd over - 3 runs, 3 hits, 0 errors, 0 left on base; Colorado 6 - San Francisco 1
BOTTOM OF THE 3RD
San Francisco Giants batting - Pitching for Colorado Rockies : RHP Alex Cobb
Batting: RHB Luis Campusano 0-0: Ball
1-0: Ball
2-0: Called Strike
2-1: Foul Ball, location: 2F
2-2: Ball
3-2: Foul Ball, location: 2F
3-2: SINGLE (Groundball, 6D, EV 108.1 MPH)
Batting: RHB Mookie Betts 0-0: Ball
1-0: Foul Ball, location: 2F
1-1: Ball
2-1: Fly out, F8 (Line Drive, 8LD, EV 93.1 MPH)
Batting: RHB Starling Marte 0-0: Called Strike
0-1: Ball
1-1: Foul Ball, location: 2F
1-2: Strikes out looking
Batting: RHB Jose Altuve 0-0: Swinging Strike
0-1: Called Strike
0-2: Fly out, F8 (Flyball, 8LXD, EV 101.2 MPH)
Bottom of the 3rd over - 0 runs, 1 hit, 0 errors, 1 left on base; Colorado 6 - San Francisco 1
TOP OF THE 4TH
Colorado Rockies batting - Pitching for San Francisco Giants : LHP Tanner Scott
Batting: RHB Myles Straw 0-0: Fly out, F8 (Flyball, 8LM, EV 88.8 MPH)
Batting: SHB Xavier Edwards 0-0: Foul Ball, location: 2F
0-1: Ball
1-1: Fly out, F9 (Line Drive, 9, EV 92.5 MPH)
Batting: LHB Andrew Benintendi 0-0: Called Strike
0-1: Ball
1-1: Ball
2-1: Ball
3-1: Foul Ball, location: 2F
3-2: Base on Balls
Batting: RHB Yandy Díaz 0-0: Ball
Andrew Benintendi steals 2nd base
1-0: Ball
2-0: Fly out, F8 (Flyball, 8LD, EV 90.0 MPH)
Top of the 4th over - 0 runs, 0 hits, 0 errors, 1 left on base; Colorado 6 - San Francisco 1
BOTTOM OF THE 4TH
San Francisco Giants batting - Pitching for Colorado Rockies : RHP Alex Cobb
Batting: RHB Nolan Arenado 0-0: Ball
1-0: Called Strike
1-1: Foul Ball, location: 2F
1-2: SINGLE (Line Drive, 7S, EV 106.2 MPH)
Batting: LHB Triston Casas 0-0: Ball
1-0: Called Strike
1-1: Foul Ball, location: 2F
1-2: DOUBLE (Line Drive, 7LM, EV 108.8 MPH)
Nolan Arenado to third
Batting: SHB Francisco Lindor 0-0: Foul Ball, location: 2F
0-1: Called Strike
0-2: Ball
1-2: Strikes out swinging
Batting: RHB Andrew Vaughn 0-0: Ball
1-0: DOUBLE (Flyball, 78XD, EV 101.2 MPH)
Nolan Arenado scores
Triston Casas scores
Batting: LHB George Valera 0-0: Foul Ball, location: 2F
0-1: Ball
1-1: Swinging Strike
1-2: Strikes out swinging
Batting: RHB Luis Campusano 0-0: Ball
1-0: Swinging Strike
1-1: Ball
2-1: Ball
3-1: Called Strike
3-2: Reached on error, E5 (Groundball, 56, EV 90.6 MPH)
Andrew Vaughn to third
Batting: RHB Mookie Betts 0-0: Called Strike
0-1: Ball
1-1: Ball
2-1: Fly out, F8 (Flyball, 8LD, EV 106.2 MPH)
Bottom of the 4th over - 2 runs, 3 hits, 1 error, 2 left on base; Colorado 6 - San Francisco 3
TOP OF THE 5TH
Colorado Rockies batting - Pitching for San Francisco Giants : LHP Tanner Scott
Batting: LHB Joc Pederson 0-0: Ball
1-0: Ball
2-0: Called Strike
2-1: DOUBLE (Line Drive, 78D, EV 108.8 MPH)
Batting: LHB Nick Gordon 0-0: Ball
1-0: Foul Ball, location: 2F
1-1: Ball
2-1: Ball
3-1: Fly out, F7 (Flyball, 7LMF, EV 94.4 MPH)
Batting: RHB J.D. Martinez 0-0: Foul Ball, location: 2F
0-1: Swinging Strike
0-2: Ball
1-2: Strikes out swinging
Batting: LHB Reese McGuire 0-0: Called Strike
0-1: Ground out 6-3 (Groundball, 6, EV 85.0 MPH)
Top of the 5th over - 0 runs, 1 hit, 0 errors, 1 left on base; Colorado 6 - San Francisco 3
BOTTOM OF THE 5TH
San Francisco Giants batting - Pitching for Colorado Rockies : RHP Alex Cobb
Batting: RHB Starling Marte 0-0: Fly out, F8 (Flyball, 8RD, EV 103.8 MPH)
Batting: RHB Jose Altuve 0-0: Ground out 6-3 (Groundball, 56D, EV 91.9 MPH)
Batting: RHB Nolan Arenado 0-0: DOUBLE (Flyball, 8RXD, EV 100.0 MPH)
Batting: LHB Triston Casas 0-0: Ball
1-0: Ball
2-0: Ground out 4-3 (Groundball, 4D, EV 105.0 MPH)
Bottom of the 5th over - 0 runs, 1 hit, 0 errors, 1 left on base; Colorado 6 - San Francisco 3
TOP OF THE 6TH
Colorado Rockies batting - Pitching for San Francisco Giants : LHP Tanner Scott
Pitching: RHP Jake Cousins
Batting: LHB Luis Guillorme 0-0: Ball
1-0: Swinging Strike
1-1: Ground out 6-3 (Groundball, 6, EV 95.6 MPH)
Batting: RHB Myles Straw 0-0: Ball
1-0: Ball
2-0: Ball
3-0: Base on Balls
Batting: SHB Xavier Edwards 0-0: Swinging Strike
0-1: Ball
1-1: Fly out, F7 (Flyball, 78M, EV 88.8 MPH)
Batting: LHB Andrew Benintendi 0-0: Called Strike
0-1: Ball
1-1: Foul Ball, location: 2F
1-2: Ball
2-2: Ball
3-2: Base on Balls
Myles Straw to second
Batting: RHB Yandy Díaz 0-0: Called Strike
0-1: Ball
1-1: Ball
2-1: Fielders Choice at 2nd, 6-4 (Groundball, 6, EV 83.8 MPH)
Top of the 6th over - 0 runs, 0 hits, 0 errors, 2 left on base; Colorado 6 - San Francisco 3
BOTTOM OF THE 6TH
San Francisco Giants batting - Pitching for Colorado Rockies : RHP Alex Cobb
Batting: SHB Francisco Lindor 0-0: Ball
1-0: Ball
2-0: Foul Ball, location: 2F
2-1: SOLO HOME RUN (Flyball, 9D, EV 96.9 MPH), Distance : 382 ft
Batting: RHB Andrew Vaughn 0-0: Called Strike
0-1: Ball
1-1: Ball
2-1: Foul Ball, location: 2F
2-2: Foul Ball, location: 2F
2-2: Strikes out looking
Batting: LHB George Valera 0-0: Called Strike
0-1: Called Strike
0-2: Ball
1-2: Ball
2-2: Ball
3-2: SINGLE (Line Drive, 6D, EV 93.8 MPH)
Batting: RHB Luis Campusano 0-0: Ball
1-0: Ball
2-0: Ball
3-0: Called Strike
3-1: Base on Balls
George Valera to second
Pitching: RHP Bryan Baker
Batting: RHB Mookie Betts 0-0: Called Strike
0-1: Fly out, F8 (Flyball, 78S, EV 85.0 MPH)
Batting: RHB Starling Marte 0-0: Fly out, F9 (Flyball, 89S, EV 88.8 MPH)
Bottom of the 6th over - 1 run, 2 hits, 0 errors, 2 left on base; Colorado 6 - San Francisco 4
TOP OF THE 7TH
Colorado Rockies batting - Pitching for San Francisco Giants : RHP Jake Cousins
Pitching: RHP Nick Sandlin
Batting: LHB Joc Pederson 0-0: Ball
1-0: Ball
2-0: Ball
3-0: Base on Balls
Batting: LHB Nick Gordon 0-0: Foul Ball, location: 2F
0-1: Ball
1-1: Ball
2-1: Swinging Strike
2-2: Fly out, F8 (Flyball, 8RD, EV 94.4 MPH)
Batting: RHB J.D. Martinez 0-0: Swinging Strike
0-1: Swinging Strike
0-2: Ball
1-2: Foul Ball, location: 2F
1-2: Ball
2-2: Strikes out looking
Batting: LHB Reese McGuire 0-0: Foul Ball, location: 2F
0-1: DOUBLE (Line Drive, 9LS, EV 112.5 MPH)
Joc Pederson to third
Batting: LHB Luis Guillorme 0-0: Foul Ball, location: 2F
0-1: Foul Ball, location: 2F
0-2: Ball
1-2: Ball
2-2: Foul Ball, location: 2F
2-2: Ball
3-2: Strikes out swinging
Top of the 7th over - 0 runs, 1 hit, 0 errors, 2 left on base; Colorado 6 - San Francisco 4
BOTTOM OF THE 7TH
San Francisco Giants batting - Pitching for Colorado Rockies : RHP Bryan Baker
Pitching: RHP Jordan Romano
Batting: RHB Jose Altuve 0-0: Called Strike
0-1: Ball
1-1: Foul Ball, location: 2F
1-2: Fly out, F8 (Flyball, 8LD, EV 84.4 MPH)
Batting: RHB Nolan Arenado 0-0: Ball
1-0: Foul Ball, location: 2F
1-1: Ground out 5-3 (Groundball, 56, EV 105.6 MPH)
Batting: LHB Triston Casas 0-0: SINGLE (Groundball, 34D, EV 103.1 MPH)
Batting: SHB Francisco Lindor 0-0: Foul Ball, location: 2F
0-1: Called Strike
0-2: Ball
1-2: Strikes out swinging
Bottom of the 7th over - 0 runs, 1 hit, 0 errors, 1 left on base; Colorado 6 - San Francisco 4
TOP OF THE 8TH
Colorado Rockies batting - Pitching for San Francisco Giants : RHP Nick Sandlin
Pitching: RHP Chad Green
Batting: RHB Myles Straw 0-0: Ground out 4-3 (Groundball, 4, EV 84.4 MPH)
Batting: SHB Xavier Edwards 0-0: Ball
1-0: Ball
2-0: Swinging Strike
2-1: Called Strike
2-2: Ground out 6-3 (Groundball, 6, EV 105.6 MPH)
Batting: LHB Andrew Benintendi 0-0: Fly out, F8 (Line Drive, 8RM, EV 93.1 MPH)
Top of the 8th over - 0 runs, 0 hits, 0 errors, 0 left on base; Colorado 6 - San Francisco 4
BOTTOM OF THE 8TH
San Francisco Giants batting - Pitching for Colorado Rockies : RHP Jordan Romano
Pitching: RHP Hector Neris
Batting: RHB Andrew Vaughn 0-0: Ball
1-0: Foul Ball, location: 2F
1-1: Ball
2-1: Ball
3-1: Base on Balls
Batting: LHB George Valera 0-0: Called Strike
0-1: Ball
1-1: Foul Ball, location: 2F
1-2: Strikes out swinging
Batting: RHB Luis Campusano 0-0: Called Strike
0-1: Ball
1-1: Ball
2-1: Grounds into double play, 5-4-3 (Groundball, 15, EV 85.6 MPH)
Bottom of the 8th over - 0 runs, 0 hits, 0 errors, 0 left on base; Colorado 6 - San Francisco 4
TOP OF THE 9TH
Colorado Rockies batting - Pitching for San Francisco Giants : RHP Chad Green
Batting: RHB Yandy Díaz 0-0: Swinging Strike
0-1: Foul Ball, location: 2F
0-2: Ball
1-2: Ball
2-2: Fly out, F9 (Line Drive, 89M, EV 90.6 MPH)
Batting: LHB Joc Pederson 0-0: Ball
1-0: Swinging Strike
1-1: Called Strike
1-2: Ball
2-2: Foul Ball, location: 2F
2-2: Foul Ball, location: 2F
2-2: Ball
3-2: Foul Ball, location: 2F
3-2: Base on Balls
Batting: LHB Nick Gordon 0-0: Ball
Passed Ball!
Joc Pederson to second
1-0: Called Strike
1-1: Foul Ball, location: 2F
1-2: Strikes out swinging
Batting: RHB J.D. Martinez 0-0: Called Strike
0-1: Swinging Strike
0-2: Strikes out looking
Top of the 9th over - 0 runs, 0 hits, 0 errors, 1 left on base; Colorado 6 - San Francisco 4
BOTTOM OF THE 9TH
San Francisco Giants batting - Pitching for Colorado Rockies : RHP Hector Neris
Batting: RHB Mookie Betts 0-0: Called Strike
0-1: Ball
1-1: Called Strike
1-2: Ball
2-2: Ground out 5-3 (Groundball, 5, EV 87.5 MPH)
Batting: RHB Starling Marte 0-0: Foul Ball, location: 2F
0-1: Foul Ball, location: 2F
0-2: Ball
1-2: Foul Ball, location: 2F
1-2: Ball
2-2: Ball
3-2: Base on Balls
Pitching: RHP Bryan Abreu
Batting: RHB Jose Altuve 0-0: Ball
1-0: Ball
2-0: Ball
3-0: Called Strike
3-1: Base on Balls
Starling Marte to second
Batting: RHB Nolan Arenado 0-0: Ball
1-0: Foul Ball, location: 2F
1-1: Ball
2-1: Ball
3-1: Base on Balls
Starling Marte to third
Jose Altuve to second
Batting: LHB Triston Casas 0-0: Ball
1-0: Ball
2-0: Called Strike
2-1: Swinging Strike
2-2: Foul Ball, location: 2F
2-2: Foul Ball, location: 2F
2-2: Foul Ball, location: 2F
2-2: Strikes out swinging
Batting: SHB Francisco Lindor 0-0: Called Strike
0-1: Fly out, F7 (Flyball, 7LS, EV 92.5 MPH)
Bottom of the 9th over - 0 runs, 0 hits, 0 errors, 3 left on base; Colorado 6 - San Francisco 4
Wednesday, May 17th , 2023 - OOTP Baseball 23.10 Build 110